 Dungeon Crawl Stone Soup version 0.21.1-1-g345015f (webtiles) character file.

41558 JeffiDaFish the Arsonist (level 13, -3/105 HPs)
             Began as a Green Draconian Fire Elementalist on Mar 3, 2018.
             Was a High Priest of Vehumet.
             Killed by an exploding ball lightning (25 damage)
             ... created by the player character
             ... on level 6 of the Lair of Beasts.
             The game lasted 00:59:04 (21276 turns).

JeffiDaFish the Arsonist (DrFE)                    Turns: 21276, Time: 00:59:05

Health: -3/105     AC: 16    Str: 10    XL:     13   Next: 80%
Magic:  11/28      EV: 18    Int: 21    God:    Vehumet [*****.]
Gold:   959        SH:  6    Dex: 17    Spells: 3/35 levels left

rFire    + . .     SeeInvis +   c - +2 broad axe (elec)
rCold    . . .     Gourm    .   h - +0 buckler
rNeg     . . .     Faith    +   (armour unavailable)
rPois    +         Spirit   .   G - +2 hat {SInv}
rElec    .         Reflect  .   m - +2 cloak
rCorr    .         Harm     .   F - +2 pair of gloves
MR       .....     Clarity  +   (no boots)
Stlth    ++........             f - amulet of faith
HPRegen  0.27/turn              z - +5 ring of dexterity
MPRegen  0.21/turn              A - +5 ring of slaying

@: very slightly contaminated
A: breathe noxious fumes, unfitting armour, clarity, fire resistance 1, poison
resistance, cold-blooded, AC +8
a: Breathe Noxious Fumes, Renounce Religion


You were on level 6 of the Lair of Beasts.
You worshipped Vehumet.
Vehumet was extremely pleased with you.
You were hungry.

You visited 2 branches of the dungeon, and saw 16 of its levels.
You also visited: Sewer.

You collected 1169 gold pieces.
You spent 210 gold pieces at shops.

Inventory:

Hand Weapons
 c - a +2 broad axe of electrocution (weapon)
 j - a +1 whip of electrocution
Armour
 h - a +0 buckler (worn)
 m - a +2 cloak (worn)
 F - a +2 pair of gloves (worn)
 G - a +2 hat of see invisible (worn)
Magical Staves
 L - an uncursed staff of conjuration
Jewellery
 f - an amulet of faith (around neck)
 r - an uncursed amulet of guardian spirit {unknown}
 z - a +5 ring of dexterity (left hand)
 A - a +5 ring of slaying (right hand)
 D - a +6 ring of protection
 E - an uncursed ring of protection from cold
Wands
 C - a wand of acid (17)
Scrolls
 e - 6 scrolls of amnesia
 k - a scroll of blinking
 l - 6 scrolls of teleportation
 o - 3 scrolls of magic mapping
 t - 13 scrolls of remove curse
 w - 3 scrolls of fear
 y - 6 scrolls of identify
 B - 2 scrolls of fog
Potions
 d - 9 potions of brilliance
 g - 4 potions of agility
 i - 5 potions of heal wounds
 n - 3 potions of cancellation
 q - 3 potions of mutation
 s - 2 potions of might
 u - 6 potions of flight
 v - 11 potions of curing
 K - 2 potions of haste
Books
 a - a book of Flames

   Spells                             Type                      Level
   a - Flame Tongue                   Conjuration/Fire             1
   b - Throw Flame                    Conjuration/Fire             2
   c - Conjure Flame                  Conjuration/Fire             3
   d - Inner Flame                    Hexes/Fire                   3
   e - Sticky Flame                   Conjuration/Fire             4
   f - Fireball                       Conjuration/Fire             5
 x - a book of Conjurations

   Spells                             Type                      Level
   a - Magic Dart                     Conjuration                  1
   b - Searing Ray                    Conjuration                  2
   c - Dazzling Spray                 Conjuration/Hexes            3
   d - Fulminant Prism                Conjuration/Hexes            4
   e - Force Lance                    Conjuration/Translocation    4
   f - Iskenderun's Mystic Blast      Conjuration                  4
 I - a book of Enchantments

   Spells                             Type                      Level
   a - Cause Fear                     Hexes                        4
   b - Yara's Violent Unravelling     Hexes/Transmutation          5
   c - Silence                        Hexes/Air                    5
   d - Deflect Missiles               Charms/Air                   6
   e - Discord                        Hexes                        8
 J - a book of the Sky

   Spells                             Type                      Level
   a - Summon Lightning Spire         Summoning/Air                4
   b - Silence                        Hexes/Air                    5
   c - Deflect Missiles               Charms/Air                   6
   d - Conjure Ball Lightning         Conjuration/Air              6
   e - Tornado                        Air                          9
Comestibles
 b - 30 rations
 p - a chunk of flesh


   Skills:
 - Level 7.2 Fighting
 + Level 7.9 Dodging
 - Level 2.3 Stealth
 - Level 5.2 Shields
 * Level 11.7 Spellcasting
 + Level 9.1 Conjurations
 + Level 5.8 Translocations
 * Level 12.9 Fire Magic
 + Level 2.7 Air Magic


You had 3 spell levels left.
You knew the following spells:

 Your Spells              Type           Power        Failure   Level  Hunger
a - Flame Tongue          Conj/Fire      #####        1%          1    None
b - Conjure Flame         Conj/Fire      ######..     1%          3    None
c - Sticky Flame          Conj/Fire      ######..     1%          4    #......
d - Fireball              Conj/Fire      ######....   1%          5    ####...
e - Ignite Poison         Fire/Tmut/Pois ####....     1%          3    None
f - Force Lance           Conj/Tloc      #####...     1%          4    #......
g - Conjure Ball Lightni  Conj/Air       #####.....   19%         6    ######.
h - Bolt of Fire          Conj/Fire      ######....   2%          6    ######.


Dungeon Overview and Level Annotations

Branches:
Dungeon (10/15)            Temple (0/1) D:7            Lair (6/6) D:8
  Swamp (0/4) Lair:4        Snake (0/4) Lair:3        Slime (0/5) Lair:5
    Orc: D:9-12

Altars:
Elyvilon
Fedhas
Gozag
Ru
Vehumet
Yredelemnul

Shops:
D:7 !

Annotations:
Lair:5 exclusion: 3 oklob plants


Innate Abilities, Weirdness & Mutations

You can breathe blasts of noxious fumes.
Your lurid green scales are hard. (AC +8)
You cannot fit into any form of body armour.
Your system is resistant to poisons. (rPois)
You are cold-blooded and may be slowed by cold attacks.
You possess an exceptional clarity of mind.
Your flesh is heat resistant. (rF+)


Message History

The blast of lightning engulfs your ball lightning.
Your ball lightning completely resists.
The fire dragon breathes flames at you. The blast of flame hits you!
You resist. The fire dragon breathes flames at you.
The blast of flame hits you! You resist.
Casting: Conjure Ball Lightning
Confirm with . or Enter, or press ? or * to list all spells.
You create some ball lightning!
You are feeling hungry.
Your ball lightning explodes!
The blast of lightning engulfs your ball lightning.
Your ball lightning completely resists.
The blast of lightning engulfs the fire dragon.
The fire dragon is moderately wounded.
The blast of lightning engulfs you!
* * * LOW HITPOINT WARNING * * *
Your ball lightning explodes!
The blast of lightning engulfs you!
You die...

......P## §≈§# ##.....#.....#≈≈≈
......## ###≈≈##8....#≈.....#≈≈≈
.....## §≈≈≈≈≈###...≈§...#...##
.....# #≈§§#..#≈≈≈§###≈...#
.....# ≈# ######§§§≈≈≈..§≈≈§§≈##.
P...## ≈§ #8#8#...#.≈.######≈≈#.§
....# ##≈ ##....###≈.##...$##≈≈§.
....# #≈§ #8......#≈§#....($#≈≈≈.
....# ≈≈ ##....@....'.....(#≈§≈.
....# ##≈##.......§§D'.....$#≈≈§.
....# #§≈#........≈§§#....$/#§≈≈.
....###≈≈..........§≈##...?##≈≈..
.....###≈≈.........##≈######≈§...
.....# #≈§........##≈§≈≈§§§§≈§...
#....# ##§≈.#.....# ≈≈≈≈#§§§§#...
#....## #≈≈.#8#..## ##...##....
###...####≈≈###8## ##....).....


You could see a fire dragon.

Vanquished Creatures
  Gastronok (Lair:3)
  Fannar (Lair:2)
  5 hydras
  A two-headed ogre (D:8)
  Erica (Lair:2)
  Urug (Lair:4)
  A necromancer (Lair:4)
  A lindwurm (Lair:6)
  A manticore (Lair:4)
  4 black mambas (Lair:6)
  2 molten gargoyles (Lair:6)
  A gargoyle (D:10)
  6 spiny frogs
  4 rime drakes
  10 komodo dragons
  A troll (D:9)
  A polar bear (Lair:3)
  15 blink frogs
  Prince Ribbit (Lair:1)
  4 dream sheep (Lair:6)
  16 hippogriffs
  Sigmund (D:2)
  9 basilisks
  11 wyverns
  31 yaks
  A steam dragon (Lair:6)
  5 vampire mosquitoes (Lair:5)
  4 nagas (Lair:3)
  3 hell hounds (Lair:6)
  14 water moccasins
  2 insubstantial wisps (Lair:5)
  Duvessa (D:7)
  8 ice beasts (Lair:2)
  A swamp drake (Lair:5)
  8 porcupines
  2 sky beasts
  A phantom (D:4)
  An orc warrior (D:7)
  An elephant zombie (Lair:4)
  A necrophage (D:6)
  4 black bears
  3 ogres
  8 wolves
  3 centaurs
  9 crocodiles
  A komodo dragon zombie (Lair:4)
  3 big kobolds
  13 bullfrogs
  A water moccasin zombie (D:7)
  Dowan (D:7)
  6 scorpions
  5 wights (D:8)
  A howler monkey (D:6)
  4 electric eels
  A bullfrog zombie (D:10)
  5 crimson imps
  2 quasits
  5 lava snakes (Lair:6)
  3 jellies
  A centaur zombie (D:8)
  A hound (D:7)
  3 orc priests
  3 orc wizards
  Jessica (D:2)
  An iguana (D:5)
  3 worker ants
  2 hell rats (Lair:2)
  14 river rats
  17 adders
  A howler monkey skeleton (D:7)
  A shadow imp (D:5)
  2 oozes (D:3)
  4 worms
  5 dart slugs
  10 leopard geckos
  19 orcs
  7 ball pythons
  6 giant cockroaches
  9 goblins
  A hobgoblin (D:2)
  5 jackals
  41 kobolds
  A quokka (D:5)
  11 bats
  3 frilled lizards
  30 rats
  A plant (Lair:5)
464 creatures vanquished.

Vanquished Creatures (others)
  4 ball lightnings (Lair:6)
  25 fungi
  4 plants
33 creatures vanquished.

Grand Total: 497 creatures vanquished

Notes
Turn   | Place    | Note
-------+----------+-------------------------------------------
     0 | D:1      | JeffiDaFish the Draconian Fire Elementalist began the quest for the Orb.
     0 | D:1      | Reached XP level 1. HP: 14/14 MP: 3/3
   343 | D:1      | Reached XP level 2. HP: 20/20 MP: 5/5
   710 | D:1      | You fall through a shaft!
   731 | D:2      | Noticed Jessica
   735 | D:2      | Killed Jessica
   735 | D:2      | Reached XP level 3. HP: 22/26 MP: 2/6
   916 | D:2      | Reached XP level 4. HP: 20/33 MP: 5/8
   928 | D:2      | Learned a level 3 spell: Conjure Flame
  1234 | D:1      | Gained mutation: You possess an exceptional clarity of mind. [potion of mutation]
  1234 | D:1      | Gained mutation: Your flesh is heat resistant. (rF+) [potion of mutation]
  1470 | D:2      | Noticed Sigmund
  1863 | D:2      | Found a radiant altar of Vehumet.
  1877 | D:2      | Became a worshipper of Vehumet
  2207 | D:2      | Killed Sigmund
  2207 | D:2      | Reached skill level 4 in Fire Magic
  2207 | D:2      | Reached XP level 5. HP: 14/38 MP: 0/10
  2620 | D:2      | Reached XP level 6. HP: 45/45 MP: 6/11
  2693 | D:2      | Learned a level 4 spell: Sticky Flame
  3143 | D:3      | Reached * piety under Vehumet
  3143 | D:3      | Offered knowledge of Sting by Vehumet.
  3194 | D:3      | Found a faded altar of an unknown god.
  3537 | D:4      | Found a sacrificial altar of Ru.
  3546 | D:4      | Reached skill level 5 in Fire Magic
  3611 | D:4      | Found a glowing drain.
  3623 | Sewer    | Entered a sewer
  3824 | Sewer    | Offered knowledge of Shock by Vehumet.
  3833 | Sewer    | Reached ** piety under Vehumet
  3927 | Sewer    | Learned a level 5 spell: Fireball
  4454 | Sewer    | Offered knowledge of Throw Frost by Vehumet.
  4754 | D:4      | Your scales start taking on a lurid green colour.
  4754 | D:4      | Reached XP level 7. HP: 50/50 MP: 7/13
  4754 | D:4      | Gained mutation: Your system is resistant to poisons. (rPois) [Green Draconian growth]
  4834 | D:4      | Reached *** piety under Vehumet
  4849 | D:4      | Found a basalt altar of Yredelemnul.
  5247 | D:5      | Entered Level 5 of the Dungeon
  5341 | D:5      | Found a blossoming altar of Fedhas.
  5387 | D:5      | Found a white marble altar of Elyvilon.
  5852 | D:5      | Reached skill level 6 in Fire Magic
  5876 | D:5      | Offered knowledge of Ignite Poison by Vehumet.
  5880 | D:5      | Reached skill level 5 in Spellcasting
  5892 | D:5      | Learned a level 3 spell: Ignite Poison
  6015 | D:6      | Noticed a hippogriff
  6029 | D:5      | Killed a hippogriff
  6029 | D:5      | Reached skill level 1 in Fighting
  6271 | D:6      | Reached XP level 8. HP: 56/59 MP: 7/16
  6452 | D:6      | Found an opulent altar of Gozag.
  6646 | D:6      | Reached **** piety under Vehumet
  6760 | D:7      | Reached skill level 7 in Fire Magic
  6779 | D:7      | Offered knowledge of Iskenderun's Battlesphere by Vehumet.
  6999 | D:7      | Noticed Dowan
  7000 | D:7      | Noticed Duvessa
  7002 | D:7      | Killed Dowan
  7012 | D:7      | Killed Duvessa
  7161 | D:7      | Found Ranytoih's Distillery.
  7164 | D:7      | Bought a potion of curing for 45 gold pieces
  7164 | D:7      | Bought a potion of curing for 45 gold pieces
  7164 | D:7      | Bought a potion of curing for 45 gold pieces
  7164 | D:7      | Bought a potion of heal wounds for 75 gold pieces
  7306 | D:7      | Found a staircase to the Ecumenical Temple.
  7325 | D:7      | Reached XP level 9. HP: 70/70 MP: 11/18
  8031 | D:8      | Reached skill level 5 in Conjurations
  8035 | D:8      | Reached skill level 8 in Fire Magic
  8057 | D:8      | Found a staircase to the Lair.
  8086 | D:8      | Reached ***** piety under Vehumet
  8173 | D:8      | Noticed a two-headed ogre
  8190 | D:8      | Killed a two-headed ogre
  8260 | D:8      | Reached XP level 10. HP: 72/80 MP: 21/21
  8304 | D:8      | Offered knowledge of Bolt of Draining by Vehumet.
  8740 | D:9      | Reached skill level 9 in Fire Magic
  8862 | D:9      | Reached skill level 5 in Fighting
  8931 | D:9      | Found Jifomn's Jewellery Shoppe.
  9278 | D:10     | Entered Level 10 of the Dungeon
  9369 | D:10     | Reached skill level 5 in Dodging
  9760 | D:10     | Noticed a gargoyle
  9768 | D:10     | Killed a gargoyle
 10009 | Lair:1   | Entered Level 1 of the Lair of Beasts
 10355 | Lair:1   | Noticed a spiny frog
 10364 | Lair:1   | Killed a spiny frog
 10370 | Lair:1   | Learned a level 4 spell: Force Lance
 10661 | Lair:1   | Reached skill level 10 in Fire Magic
 10661 | Lair:1   | Reached XP level 11. HP: 89/89 MP: 17/23
 10838 | Lair:1   | Noticed a five-headed hydra
 10845 | Lair:1   | Killed a five-headed hydra
 11644 | Lair:2   | Noticed Erica
 11656 | Lair:2   | Noticed Prince Ribbit
 11661 | Lair:2   | Killed Erica
 11673 | Lair:1   | HP: 4/91 [yak (4)]
 11674 | Lair:1   | Reached skill level 1 in Translocations
 12126 | Lair:1   | Killed Prince Ribbit
 12126 | Lair:1   | Offered knowledge of Conjure Ball Lightning by Vehumet.
 12786 | Lair:2   | Noticed a seven-headed hydra
 12822 | Lair:2   | Killed a seven-headed hydra
 13100 | Lair:2   | Noticed Fannar
 13109 | Lair:2   | Killed Fannar
 13109 | Lair:2   | Reached skill level 11 in Fire Magic
 13330 | Lair:2   | Reached skill level 10 in Spellcasting
 13359 | Lair:2   | Reached XP level 12. HP: 34/100 MP: 5/26
 14122 | Lair:3   | Identified the +1 pair of gloves of the Realm of Zot {rF- MP+9 Dex+4} (You found it on level 3 of the Lair of Beasts)
 14250 | Lair:3   | Reached skill level 1 in Shields
 14684 | Lair:3   | Noticed Gastronok
 14717 | Lair:3   | Killed Gastronok
 15050 | Lair:3   | Found a staircase to the Snake Pit.
 15469 | Lair:4   | Noticed Urug
 15487 | Lair:4   | Killed Urug
 15949 | Lair:4   | Found a staircase to the Swamp.
 16200 | Lair:4   | Offered knowledge of Bolt of Cold by Vehumet.
 16829 | Lair:4   | Reached skill level 12 in Fire Magic
 16996 | Lair:4   | Reached XP level 13. HP: 80/105 MP: 7/27
 17384 | Lair:5   | Found a staircase to the Slime Pits.
 17468 | Lair:5   | Learned a level 6 spell: Conjure Ball Lightning
 17615 | Lair:5   | Reached skill level 5 in Shields
 18015 | Lair:5   | Reached skill level 5 in Translocations
 18254 | Lair:6   | Entered Level 6 of the Lair of Beasts
 18343 | Lair:6   | Reached skill level 1 in Air Magic
 19447 | Lair:6   | Offered knowledge of Bolt of Fire by Vehumet.
 19455 | Lair:6   | Learned a level 6 spell: Bolt of Fire
 19493 | Lair:6   | Identified a scroll of acquirement
 19493 | Lair:6   | Identified Hosamadgh's Guide on Ghastly Transformation (You acquired it on level 6 of the Lair of Beasts)
 20170 | Lair:6   | Noticed a fire dragon
 20174 | Lair:6   | Found a large runed door.
 20461 | Lair:6   | Found a large runed door.
 21276 | Lair:6   | Killed by an exploding ball lightning

Skill      XL: |  1  2  3  4  5  6  7  8  9 10 11 12 13 |
---------------+----------------------------------------+-----
Dodging        | 2 3 4 5 6 7 |  7.9
Stealth        | 2 |  2.3
Spellcasting   | 3 4 5 6 7 8 10 11 | 11.7
Conjurations   | 2 3 4 5 6 7 8 9 |  9.1
Fire Magic     | 4 5 6 7 8 10 11 12 | 12.9
Fighting       | 1 3 4 5 7 |  7.2
Translocations | 2 4 5 |  5.8
Shields        | 4 5 |  5.2
Air Magic      | 2 |  2.7

Action                   |  1- 3 |  4- 6 |  7- 9 | 10-12 | 13-15 || total
-------------------------+-------+-------+-------+-------+-------++-------
Melee: Dagger            |    24 |       |       |       |       ||    24
       Unarmed           |     8 |       |       |       |       ||     8
       Tailslap          |     4 |     5 |    11 |    21 |    11 ||    52
       Whip              |     6 |   113 |   159 |   187 |       ||   465
       Broad axe         |       |       |       |    26 |   100 ||   126
 Cast: Flame Tongue      |    32 |   109 |    84 |   236 |   103 ||   564
       Conjure Flame     |       |     2 |       |     1 |       ||     3
       Sticky Flame      |       |    10 |    32 |   113 |    55 ||   210
       Fireball          |       |       |     2 |    33 |    14 ||    49
       Force Lance       |       |       |       |     7 |    47 ||    54
       Conjure Ball Ligh |       |       |       |       |     3 ||     3
 Abil: Breathe Noxious F |       |       |     2 |     3 |       ||     5
  Use: Potion            |     1 |     8 |     2 |       |     2 ||    13
       Scroll            |     3 |     8 |     4 |     8 |     4 ||    27
 Stab: Sleeping          |       |     2 |       |       |       ||     2
       Paralysed         |       |     1 |       |       |       ||     1
  Eat: Chunk             |       |    14 |    18 |    34 |    17 ||    83
       Ration            |       |       |       |     2 |       ||     2
Armor: Skin              |    11 |    66 |    70 |   117 |    83 ||   347
Dodge: Dodged            |    34 |   102 |   145 |   251 |   132 ||   664
Block: Buckler           |       |       |       |    21 |    38 ||    59
